Map: Frozen Temple

Players

KimboSlice

  • Race: Terran Terran
  • League: Diamond

Storm - Winner!

  • Race: Terran Terran
  • League: Diamond

VOD

Have the link to the VOD?

Description

Time

  • Played on: Sept. 6, 2016, 9:53 a.m.
  • Length: 7:40
Show
View Real Time Build Order
Export as new Build Order

KimboSlice Terran 

Build Orders:  

Get SALT Encoding   

  12  0:01  SCV  
  13  0:13  SCV  
  14  0:20  Supply Depot  
  14  0:26  SCV  
  15  0:32  Refinery  
  15  0:42  SCV  
  16  0:51  Barracks  
  16  1:04  Barracks  
  16  1:08  SCV  
  17  1:21  SCV  
  18  1:26  Supply Depot  
  18  1:40  Reaper, Barracks  
  19  1:52  Supply Depot  
  19  1:54  Reaper  
  20  2:13  Reaper  
  20  2:26  Reaper  
  21  2:31  Reaper  
  21  2:57  Reaper  
  22  3:14  Reaper  
  21  3:30  Reaper  
  22  3:47  Reaper  
  21  3:59  Orbital Command  
  21  4:02  Command Center  
  21  4:04  Supply Depot  
  21  4:05  Reaper  
  19  4:50  Refinery  
  19  4:51  SCV  
  16  5:03  Supply Depot  
  16  5:04  SCV  
  17  5:08  Engineering Bay  
  17  5:16  SCV, Factory  
  17  5:17  Orbital Command  
  18  5:28  SCV  
  19  5:39  Missile Turret  
  19  5:44  SCV x2  
  21  5:54  Factory  
  21  5:56  SCV  
  22  5:58  SCV  
  22  5:59  Factory Tech Lab  
  23  6:08  SCV  
  23  6:10  SCV  
  25  6:15  Marine  
  26  6:19  Cyclone  
  26  6:20  SCV  
  26  6:22  SCV  
  26  6:24  Marine x2  
  35  6:32  SCV  
  35  6:34  SCV  
  35  6:36  Marine  
  36  6:43  Marine  
  36  6:45  Factory Tech Lab, SCV, Marine  
  36  6:46  SCV  
  38  6:57  SCV  
  38  6:58  Cyclone  
  38  7:00  Marine  
  36  7:08  Marine  
Show
View Real Time Build Order
Export as new Build Order

Storm Terran - Winner!

Build Orders: Reaper Expand 

Get SALT Encoding   

  12  0:00  SCV  
  13  0:12  SCV  
  14  0:20  Supply Depot  
  14  0:25  SCV  
  15  0:41  SCV  
  16  0:43  Barracks  
  16  0:47  Refinery  
  16  0:53  SCV  
  17  1:06  SCV  
  18  1:18  SCV  
  19  1:30  Orbital Command  
  19  1:31  Reaper  
  20  1:46  Command Center  
  20  1:55  SCV  
  21  2:03  Marine  
  21  2:06  Supply Depot  
  22  2:17  Refinery  
  22  2:21  Marine  
  23  2:32  Refinery  
  23  2:36  Factory  
  22  2:40  Marine  
  21  2:45  Bunker  
  19  3:04  Marine  
  19  3:05  SCV  
  12  3:20  Hellion  
  12  3:21  Starport  
  12  3:32  Marine  
  13  3:47  SCV  
  10  4:04  Hellion  
  12  4:10  SCV  
  9  4:34  Marine  
  9  4:35  Hellion  
  11  4:48  SCV  
  12  4:54  Marine  
  12  4:57  Hellion  
  15  5:01  SCV, Liberator  
  19  5:30  Hellion  
  21  5:39  Marine  
  21  5:42  SCV  
  23  6:01  Hellion  
  25  6:08  Marine  
  26  6:15  SCV  
  27  6:22  Liberator  
  25  7:09  Marine  
Tags
 
Add a new tag
Caveats
  • Supply blocks, unpowered buildings, or Contaminate may cause inaccurate times.
  • Supply counts are checked every 10 seconds.